 Dungeon Crawl Stone Soup version 0.30-a0-339-g89bb51ec76 (webtiles) character file.

Game seed: 7288714746515746799

79 Lanoc the Chopper (level 4, -1/28 HPs)
             Began as a Gargoyle Gladiator on Oct 31, 2022.
             Was an Initiate of Qazlal.
             Killed from afar by Natasha (7 damage)
             ... with a magic dart
             ... on level 2 of the Dungeon.
             The game lasted 00:01:52 (819 turns).

Lanoc the Chopper (Gargoyle Gladiator)               Turns: 819, Time: 00:01:53

Health: -1/28      AC:  7    Str: 19    XL:     4   Next: 38%
Magic:  4/4        EV: 12    Int:  9    God:    Qazlal [......]
Gold:   66         SH:  0    Dex: 11    Spells: 3/3 levels left

rFire   + . .      SeeInvis .    a - +0 war axe
rCold   . . .      Faith    .    (no shield)
rNeg    + . .      Spirit   .    b - +0 leather armour
rPois   ∞          Reflect  .    c - +0 helmet
rElec   +          Harm     .    (no cloak)
rCorr   .          Rampage  .    (no gloves)
Will    .....                    (no boots)
Stlth   +.........               (no amulet)
HPRegen 0.24/turn                f - ring of protection from fire
MPRegen 0.09/turn                (no ring)

@: slowed, very slow
A: sickness immunity, AC +3, negative energy resistance 1, electricity
resistance, torment resistance 1, petrification resistance
a: Renounce Religion


You were on level 2 of the Dungeon.
You worshipped Qazlal.
Qazlal was noncommittal.
You visited 1 branch of the dungeon, and saw 2 of its levels.

You collected 66 gold pieces.

Inventory:

Hand Weapons
 a - a +0 war axe (weapon)
Missiles
 d - 3 throwing nets (quivered)
 e - a javelin
Armour
 b - a +0 leather armour (worn)
 c - a +0 helmet (worn)
Jewellery
 f - a ring of protection from fire (left hand)
Wands
 m - a wand of mindburst (12)
 o - a wand of paralysis (5)
Scrolls
 h - a scroll of enchant armour {unknown}
 n - a scroll of summoning {unknown}
 p - a scroll of fear {unknown}
Potions
 g - 2 potions of might {unknown}
 i - a potion of curing {unknown}
 j - a potion of mutation {unknown}
 k - a potion of flight {unknown}
 l - a potion of heal wounds {unknown}


   Skills:
 + Level 3.0 Fighting
 * Level 3.8 Axes
 - Level 1.7 Throwing
 + Level 2.9 Dodging


You had 3 spell levels left.
You didn't know any spells.
Your spell library was empty.

Dungeon Overview and Level Annotations

Branches:
Dungeon (2/15)

Altars:
Qazlal

Annotations:
D:2 Natasha


Innate Abilities, Weirdness & Mutations

You are immune to sickness and miasma.
Your stone body is resilient. (AC +3)
You are immune to poison.
You resist negative energy. (rN+)
You are resistant to electric shocks. (rElec)
You are resistant to unholy torment.
You are immune to petrification.


Message History

You closely miss Natasha. The bat barely misses you. Natasha misses you.
Natasha casts a spell.
The bat hits you but does no damage.
You closely miss the bat.
The bat is severely wounded.
You hit the white imp but do no damage. You slash Natasha!
The bat closely misses you. The bat hits you but does no damage.
Natasha closely misses you. The bat hits you but does no damage.
The white imp closely misses you. Natasha misses you.
The white imp shouts, "Give up, thou bumbling fool-born pustule!"
The bat hits you but does no damage. The white imp gestures at you.
The puff of frost hits you!
You completely miss Natasha.
Natasha is heavily wounded.
You hit the white imp. You slash the bat!
You kill the bat!
Qazlal accepts your kill.
Natasha stares at you and mumbles some strange words.
You feel as though you will be slow longer.
The white imp hits you but does no damage.
Natasha claws you but does no damage. The white imp gestures at you.
The puff of frost hits you but does no damage.
You barely miss Natasha.
Natasha is heavily wounded.
You hit the white imp. You hit the white imp but do no damage.
The white imp closely misses you. Natasha misses you. The white imp hits you.
The white imp freezes you. The white imp gestures at you.
The puff of frost hits you. Natasha claws you!
* * * LOW HITPOINT WARNING * * *
The white imp barely misses you.
You barely miss Natasha.
Natasha is heavily wounded.
You hit the white imp but do no damage. You hit the white imp.
The white imp completely misses you. Natasha casts a spell at you.
The magic dart hits you!
You die...

....[.#.###'###.###+###..#
.........# #.# #.# #.#
#..# #.###.###.#
#...'.'...# #####.#####
#.# .#######'#######
......h.........
.##.#5@5..###.# #...#####
###. #. #. .. ##


You could see Natasha and 2 white imps.

Vanquished Creatures
  4 gnolls (D:2)
  3 endoplasms (D:1)
  2 giant cockroaches (D:1)
  2 goblins (D:1)
  5 hobgoblins
  2 quokkas (D:1)
  6 ball pythons
  5 bats
  6 frilled lizards (D:1)
  3 kobolds (D:1)
  3 rats (D:1)
41 creatures vanquished.

Notes
Turn   | Place    | Note
-------+----------+-------------------------------------------
     0 | D:1      | Lanoc the Gargoyle Gladiator began the quest for the Orb.
     0 | D:1      | Reached XP level 1. HP: 12/12 MP: 1/1
    41 | D:1      | Reached XP level 2. HP: 16/18 MP: 2/2
    50 | D:1      | Found a faded altar of an unknown god.
   250 | D:1      | Reached XP level 3. HP: 19/22 MP: 3/3
   601 | D:2      | Found a stormy altar of Qazlal.
   629 | D:2      | Became a worshipper of Qazlal Stormbringer
   658 | D:2      | Reached XP level 4. HP: 25/27 MP: 4/4
   810 | D:2      | Noticed Natasha
   819 | D:2      | Killed from afar by Natasha

Illustrated notes

Levels and vault maps discovered:
D:1:      lemuel_arrival_hallway, layout_rooms, ebering_ecumenical_altar_ruins
D:2:      layout_loops_ring, basic_altar, dk_noncrumbling_4, minmay_door_square,
          kennysheep_decorative_pillar, uniq_natasha

Skill      XL: |  1  2  3  4 |
---------------+-------------+-----
Axes           | 3 |  3.8
Fighting       | 3 |  3.0
Throwing       | |  1.7
Dodging        | |  2.9

Action                   |  1- 3 |  4- 6 || total
-------------------------+-------+-------++-------
Melee: War axe           |   106 |    19 ||   125
       Punch             |     2 |       ||     2
Armor: Leather armour    |    38 |     9 ||    47
Dodge: Dodged            |    82 |    22 ||   104

Table legend: (Time is in decaauts)
 A = Elapsed time spent in this place.
 B = Non-inter-level travel time spent in this place.
 C = Inter-level travel time spent in this place.
 D = Time resting spent in this place.
 E = Time spent auto-exploring this place.
 F = Levels seen in this place.
 G = Mean time per level.
                   A        B        C        D        E       F      G
               +--------+--------+--------+--------+--------+-----+--------+
         Total |    862 |    826 |     36 |      0 |    554 |   2 |  431.0 |
       Dungeon |    862 |    826 |     36 |      0 |    554 |   2 |  431.0 |
               +--------+--------+--------+--------+--------+-----+--------+

Top non-repeatable levels by time:
     D:1: 533 daAuts
     D:2: 329 daAuts
